AoeStats
← Tetsu.Japan

Arena

505685508Analyzed
4v4 RM · 22d ago on Sep 10, 2026· 48m 9s· 8 players
Game mode
Random Map
Map size
Large (8 player)
Population
200
Speed
Normal
Resources
Standard
Victory
Conquest
Starting age
Dark Age
Ending age
Imperial Age
RankedLock teamsTeams togetherTeam positionsShared explorationLock speedFull tech treeHidden civsTurbo modeCheats
Victory
Defeat
🇺🇸 Slavs · United States
1476
+17
1476
+17
🇨🇳 Britons · China
1451
+18
🇨🇱 Bengalis · Chile
1420
+20
🇯🇵 Turks · Japan
1750
-26
🇯🇵 Britons · Japan
1589
-22
🇯🇵 Poles · Japan
1391
-14
🇯🇵 Italians · Japan
1297
-10
AML4554
10:54 Feudal Age
14:29 Castle Age
13:01 Double-Bit Axe
13:01 Horse Collar
15:34 Bow Saw
17:51 Loom
22:52 Wheelbarrow
24:30 Heavy Plow
25:43 Hand Cart
26:53 Detinets
30:36 Imperial Age
28:26 Scale Mail Armor
28:37 Forging
28:05 Pikeman
28:46 Squires
29:26 Chain Mail Armor
29:51 Scale Barding Armor
30:00 Bloodlines
29:51 Husbandry
30:57 Chain Barding Armor
31:16 Iron Casting
30:59 Elite Boyar
32:51 Plate Barding Armor
32:50 Conscription
32:55 Halberdier
34:28 Hoardings
34:15 Druzhina
33:40 Capped Ram
35:03 Siege Ram
37:04 Blast Furnace
36:37 Plate Mail Armor
38:22 Coinage
39:22 Siege Engineers
39:28 Masonry
41:44 Banking
41:17 Caravan
42:33 Ballistics
43:13 Chemistry
42:06 Fletching
46:20 Murder Holes
Tyrant
6:32 Loom
7:11 Loom
9:17 Feudal Age
9:56 Double-Bit Axe
9:51 Horse Collar
14:01 Forging
15:49 Wheelbarrow
16:46 Scale Barding Armor
16:52 Bloodlines
20:58 Castle Age
18:55 Horse Collar
20:30 Gold Mining
22:18 Chain Barding Armor
22:27 Husbandry
29:06 Padded Archer Armor
29:23 Fletching
29:52 Elite Skirmisher
30:50 Leather Archer Armor
31:26 Ballistics
31:48 Bodkin Arrow
38:20 Imperial Age
39:19 Hand Cart
42:22 Bracer
42:13 Elite Elephant Archer
44:03 Chemistry
43:29 Paiks
45:28 Ring Archer Armor
44:54 Light Cavalry
46:11 Plate Barding Armor
47:01 Iron Casting
47:19 Elite Battle Elephant
Yucatan_water_supremacy
5:48 Loom
8:40 Feudal Age
10:24 Town Watch
12:06 Fletching
18:14 Horse Collar
19:08 Double-Bit Axe
26:08 Castle Age
26:32 Wheelbarrow
28:34 Hand Cart
28:33 Bow Saw
32:09 Fortified Wall
36:55 Imperial Age
37:16 Bodkin Arrow
38:01 Crenellations
38:02 Conscription
39:18 Stone Mining
39:19 Gold Mining
40:00 Scale Mail Armor
40:54 Onager
43:14 Hoardings
42:32 Siege Onager
43:34 Pikeman
44:15 Squires
44:26 Halberdier
46:11 Ironclad
46:02 Scale Mail Armor
46:39 Forging
46:17 Capped Ram
46:24 Capped Ram
48:06 Chemistry
47:12 Siege Engineers
47:17 Masonry
47:28 Ballistics
47:46 Chain Mail Armor
48:24 Iron Casting
47:52 Caravan
Hash-
10:22 Feudal Age
11:16 Double-Bit Axe
14:06 Castle Age
12:06 Horse Collar
15:33 Bow Saw
20:17 Wheelbarrow
21:57 Bow Saw
21:52 Gold Mining
21:53 Stone Mining
22:44 Hand Cart
22:27 Stone Mining
23:25 Loom
27:31 Imperial Age
25:27 Fletching
25:37 Padded Archer Armor
26:20 Bodkin Arrow
26:51 Ballistics
27:58 Leather Archer Armor
28:25 Bracer
29:44 Chemistry
29:31 Ring Archer Armor
32:13 Elite Longbowman
33:14 Conscription
34:36 Yeomen
35:53 Scale Mail Armor
36:04 Forging
38:00 Coinage
37:51 Chain Mail Armor
38:11 Iron Casting
37:48 Fortified Wall
37:20 Treadmill Crane
37:36 Murder Holes
37:20 Pikeman
38:01 Squires
37:46 Arson
37:49 Halberdier
39:04 Plate Mail Armor
39:17 Guard Tower
39:13 Arrowslits
42:53 Blast Furnace
42:00 Siege Engineers
42:06 Masonry
42:31 Keep
41:42 Arrowslits
43:08 Warwolf
47:04 Banking
48:24 Architecture
47:44 Heated Shot
happikon.6139
11:52 Feudal Age
16:34 Castle Age
17:23 Double-Bit Axe
20:37 Imperial Age
18:39 Bow Saw
19:04 Horse Collar
19:19 Loom
19:42 Gold Mining
20:46 Heavy Plow
21:03 Padded Archer Armor
22:22 Wheelbarrow
23:42 Heavy Plow
32:10 Hand Cart
31:41 Town Watch
35:22 Scale Barding Armor
35:29 Forging
36:15 Bloodlines
37:45 Leather Archer Armor
37:39 Husbandry
38:23 Cavalier
38:26 Heavy Camel Rider
40:47 Chain Barding Armor
41:03 Iron Casting
42:47 Plate Barding Armor
43:13 Blast Furnace
44:26 Ring Archer Armor
43:47 Fletching
Tetsu.Japan
11:12 Feudal Age
9:46 Loom
14:29 Loom
15:00 Double-Bit Axe
23:44 Horse Collar
30:50 Castle Age
29:55 Stone Mining
29:59 Gold Mining
30:35 Fletching
31:59 Bow Saw
32:30 Heavy Plow
34:49 Scale Barding Armor
34:49 Bodkin Arrow
40:29 Wheelbarrow
39:43 Town Watch
40:46 Padded Archer Armor
43:11 Leather Archer Armor
47:28 Stone Shaft Mining
49:38 Imperial Age
HAMADY
11:00 Feudal Age
14:49 Castle Age
16:37 Wheelbarrow
15:50 Double-Bit Axe
15:49 Horse Collar
20:24 Loom
20:30 Town Watch
22:25 Bow Saw
22:18 Heavy Plow
24:08 Hand Cart
30:51 Imperial Age
28:39 Scale Barding Armor
28:45 Forging
29:05 Szlachta Privileges
29:49 Chain Barding Armor
29:57 Bloodlines
29:47 Husbandry
29:08 Light Cavalry
31:45 Iron Casting
30:58 Cavalier
33:41 Blast Furnace
33:38 Crop Rotation
38:18 Winged Hussar
41:54 Lechitic Legacy
yu_k1
10:51 Feudal Age
11:45 Loom
14:52 Castle Age
14:23 Fletching
14:16 Horse Collar
14:24 Double-Bit Axe
18:51 Bow Saw
20:00 Wheelbarrow
18:54 Crossbowman
21:30 Heavy Plow
23:22 Bodkin Arrow
29:33 Imperial Age
27:38 Hand Cart
28:18 Ballistics
30:22 Yeomen
30:19 Bracer
29:39 Arbalester
30:20 Gold Mining
30:24 Town Watch
33:02 Padded Archer Armor
34:39 Elite Skirmisher
44:05 Leather Archer Armor
46:21 Ring Archer Armor
45:48 Guard Tower
47:03 Chemistry
Connection lost

Rejoining the realm…

Still unreachable

The connection could not be restored.

Session expired

The server has moved on; the page needs a fresh start.